 Dungeon Crawl Stone Soup version 0.18.1-8-gdd0e5ea (webtiles) character file.

616 jacquesderrida the Poker (level 7, -2/50 HPs)
             Began as a Demonspawn Skald on May 22, 2016.
             Slain by a decayed bog body (8 damage)
             ... in an ossuary.
             The game lasted 00:08:29 (1689 turns).

jacquesderrida the Poker (Demonspawn Skald)         Turns: 1689, Time: 00:08:29

Health: -2/50      AC:  9    Str: 12    XL:     7   Next: 21%
Magic:  6/10       EV: 10    Int: 14    God:
Gold:   189        SH:  0    Dex: 16    Spells: 3 memorised, 3 levels left

rFire  . . .     SeeInvis .     m - +0 trident
rCold  . . .     Gourm    +     b - +0 leather armour
rNeg   . . .     Faith    .     (no shield)
rPois  .         Spirit   .     (no helmet)
rElec  .         Dismiss  .     (no cloak)
rCorr  .         Reflect  .     (no gloves)
SustAt .         Harm     .     (no boots)
MR     .....                    s - amulet of the gourmand
Stlth  +.........               o - +3 ring of protection
                                u - +2 ring of dexterity

@: slowed, very slow, not resistant to hostile enchantments, very unstealthy
A: claws 1, molten scales 2
a: no special abilities


You were in an ossuary.
You were very hungry.

You visited 1 branch of the dungeon, and saw 5 of its levels.
You also visited: Ossuary.

You collected 189 gold pieces.

Inventory:

Hand Weapons
 a - a +0 spear
 j - a +2 dagger of electrocution
 m - a +0 trident (weapon)
Armour
 b - a +0 leather armour (worn)
 p - a +2 scale mail of magic resistance
Jewellery
 n - an uncursed ring of fire
 o - a +3 ring of protection (right claw)
 s - an amulet of the gourmand (around neck)
 u - a +2 ring of dexterity (left claw)
Wands
 v - a wand of polymorph (13/24)
Scrolls
 e - 2 scrolls of remove curse {unknown}
 f - a scroll of noise {unknown}
 i - a scroll of enchant weapon {unknown}
 l - 6 scrolls of identify {unknown}
 r - a scroll of teleportation {unknown}
 t - a scroll of silence {unknown}
 x - a scroll of recharging {unknown}
 y - a scroll of random uselessness {unknown}
Potions
 g - a potion of agility {unknown}
 k - a potion of lignification
 w - a potion of might {unknown}
 z - 2 potions of curing
Books
 c - a book of Battle

   Spells                             Type                      Level
   a - Infusion                       Charms                       1
   b - Shroud of Golubria             Charms/Translocation         2
   c - Song of Slaying                Charms                       2
   d - Spectral Weapon                Hexes/Charms                 3
   e - Regeneration                   Charms/Necromancy            3
 q - a book of Burglary

   Spells                             Type                      Level
   a - Swiftness                      Charms/Air                   2
   b - Passwall                       Transmutation/Earth          2
   c - Passage of Golubria            Translocation                4
   d - Lee's Rapid Deconstruction     Earth                        5
   e - Darkness                       Hexes                        6
   f - Invisibility                   Hexes                        6
Comestibles
 d - 4 bread rations
 h - a meat ration


   Skills:
 - Level 2.0 Fighting
 * Level 5.4 Polearms
 - Level 0.8 Armour
 - Level 1.1 Dodging
 - Level 2.2 Spellcasting
 + Level 2.2 Hexes
 - Level 3.9 Charms
 + Level 3.1 Necromancy


You had 3 spell levels left.
You knew the following spells:

 Your Spells              Type           Power        Failure   Level  Hunger
a - Infusion              Chrm           ##..         8%          1    #......
b - Spectral Weapon       Hex/Chrm       ##......     28%         3    ###....
r - Regeneration          Chrm/Necr      ##........   21%         3    ###....


Dungeon Overview and Level Annotations

Branches:
Dungeon (5/15)
 Temple: D:4-7

Altars:
Ru

Annotations:
D:2 Sigmund


Innate Abilities, Weirdness & Mutations

You have sharp fingernails.
You are mostly covered in molten scales (AC +3, EV -1).


Message History

Your spectral weapon hits the decayed bog body.
The decayed bog body hits you!! The decayed bog body touches you.
The decayed bog body freezes you!
* * * LOW HITPOINT WARNING * * *
The decayed bog body barely misses you.
The decayed bog body touches you but does no damage.
Your magical contamination has completely faded away.
You hit the decayed bog body but do no damage.
The decayed bog body is lightly damaged.
Your spectral weapon hits the decayed bog body.
The decayed bog body closely misses you.
The decayed bog body touches you but does no damage.
Unknown command.
You hit the decayed bog body but do no damage.
The decayed bog body is moderately damaged.
Your spectral weapon barely misses the decayed bog body.
The decayed bog body hits you!
* * * LOW HITPOINT WARNING * * *
The decayed bog body barely misses you. The decayed bog body hits you!
You die...

#P≈P#n#
###+#+#≈#≈#'
#.'...≈≈≈≈.
###.#####≈#
#.'.#...#≈#
###.'.∩.#.#
#.'.#..∩#≈#
###.#####≈###
#.'.'.#.'(n@#
###.#####≈###
#.'.#...#.#
###.'...#≈#
#.'.#...#≈#
###.#####.#####.
#.'....≈≈≈≈≈≈≈..'
###.≈≈#≈#'#'#.≈.#
#.≈P#.≈.≈.≈P#.#


You could see a decayed bog body and a friendly spectral trident.

Vanquished Creatures
  A wyvern zombie (Ossuary)
  A crimson imp (D:3)
  A bog body (Ossuary)
  2 giant frog zombies (Ossuary)
  A giant frog skeleton (D:5)
  An orc priest (D:3)
  A centaur skeleton (D:5)
  An orc wizard (D:3)
  A worker ant (D:3)
  A killer bee zombie (Ossuary)
  3 hound zombies (Ossuary)
  6 mummies (Ossuary)
  A howler monkey zombie (Ossuary)
  5 worker ant zombies (Ossuary)
  An adder (D:4)
  An ooze (D:3)
  An adder zombie (Ossuary)
  A worm (D:2)
  8 orcs
  6 bats
  2 giant cockroaches (D:3)
  9 goblins
  A hobgoblin (D:3)
  A quokka (D:3)
  A giant cockroach zombie (Ossuary)
  2 giant newts
  A goblin zombie (D:5)
  A jackal zombie (Ossuary)
  6 kobolds
  2 quokka zombies
  7 rats
77 creatures vanquished.

Vanquished Creatures (others)
  A withered plant (Ossuary)
1 creature vanquished.

Grand Total: 78 creatures vanquished

Notes
Turn   | Place    | Note
--------------------------------------------------------------
     0 | D:1      | jacquesderrida the Demonspawn Skald began the quest for the Orb.
     0 | D:1      | Reached XP level 1. HP: 16/16 MP: 3/3
   102 | D:1      | Reached skill level 1 in Dodging
   148 | D:1      | Gained mutation: You are partially covered in molten scales (AC +1). [demonic ancestry]
   148 | D:1      | Reached XP level 2. HP: 22/22 MP: 5/5
   204 | D:2      | Noticed Sigmund
   235 | D:1      | Reached skill level 2 in Polearms
   495 | D:3      | Gained mutation: You are mostly covered in molten scales (AC +3, EV -1). [demonic ancestry]
   495 | D:3      | Reached XP level 3. HP: 25/27 MP: 6/6
   533 | D:3      | Learned a level 3 spell: Spectral Weapon
   799 | D:3      | Reached skill level 3 in Polearms
   841 | D:3      | Reached XP level 4. HP: 33/33 MP: 0/7
  1051 | D:3      | Gained mutation: You have sharp fingernails. [demonic ancestry]
  1051 | D:3      | Reached XP level 5. HP: 25/38 MP: 5/8
  1207 | D:4      | Reached skill level 4 in Polearms
  1234 | D:4      | Learned a level 3 spell: Regeneration
  1287 | D:4      | Found a sacrificial altar of Ru.
  1326 | D:5      | Entered Level 5 of the Dungeon
  1344 | D:5      | Found a sand-covered staircase.
  1356 | Ossuary  | Entered an ossuary
  1373 | Ossuary  | Reached skill level 1 in Hexes
  1373 | Ossuary  | Reached skill level 1 in Necromancy
  1404 | Ossuary  | Reached XP level 6. HP: 16/44 MP: 3/9
  1533 | Ossuary  | Reached skill level 5 in Polearms
  1544 | Ossuary  | Reached XP level 7. HP: 30/50 MP: 4/10
  1689 | Ossuary  | Slain by a decayed bog body

Skill      XL: |  1  2  3  4  5  6  7 |
---------------+----------------------+-----
Dodging        | 1 |  1.1
Charms         | 3 |  3.9
Polearms       | 2 3 4 5 |  5.4
Hexes          | 1 2 |  2.2
Necromancy     | 1 2 3 |  3.1
Fighting       | |  2.0
Armour         | |  0.8
Spellcasting   | |  2.2

Action                   |  1- 3 |  4- 6 |  7- 9 || total
-------------------------+-------+-------+-------++-------
Melee: Spear             |    87 |       |       ||    87
       Trident           |    66 |   158 |    28 ||   252
 Cast: Infusion          |     1 |       |       ||     1
       Spectral Weapon   |     1 |     6 |     4 ||    11
       Regeneration      |       |     2 |       ||     2
  Use: Potion            |       |     4 |       ||     4
 Stab: Distracted        |       |     2 |     1 ||     3
  Eat: Chunk             |       |     5 |       ||     5
Armor: Leather armour    |    44 |    46 |    14 ||   104
       Skin              |       |    45 |       ||    45
Dodge: Dodged            |    74 |    67 |    19 ||   160
